 Dungeon Crawl Stone Soup version 0.29-a0-1016-g236c7fd91e (webtiles) character file.

Game seed: 16752412216772973506

1054 drugrobin the Chopper (level 7, 0/61 HPs)
             Began as a Demigod Fighter on Aug 9, 2022.
             Slain by Crazy Yiuf
             ... wielding a +4 quarterstaff of chaos
              (3 damage)
             ... on level 4 of the Dungeon.
             The game lasted 00:13:43 (6848 turns).

drugrobin the Chopper (Demigod Fighter)             Turns: 6848, Time: 00:13:44

Health: 0/61       AC: 12    Str: 25    XL:     7   Next: 76%
Magic:  5/9        EV:  6    Int: 10    God:
Gold:   263        SH:  0    Dex: 13    Spells: 6/6 levels left

rFire   . . .      SeeInvis .   b - +3 dagger (venom)
rCold   . . .      Faith    .   c - +0 buckler
rNeg    . . .      Spirit   .   x - +0 plate armour
rPois   .          Reflect  .   t - +0 helmet
rElec   .          Harm     .   l - scarf {+Inv}
rCorr   .          Rampage  .   (no gloves)
Will    .....                   (no boots)
Stlth   ..........              (no amulet)
HPRegen 0.20/turn               (no ring)
MPRegen 0.11/turn               (no ring)

@: confused
A: high MP 1, forlorn, divine attributes
a: Evoke Invisibility


You were on level 4 of the Dungeon.
You visited 1 branch of the dungeon, and saw 4 of its levels.

You collected 263 gold pieces.

Inventory:

Hand Weapons
 a - a +0 war axe
 b - a +3 dagger of venom (weapon)
 G - a +1 whip of flaming
Missiles
 w - 5 poisoned darts
 z - 11 boomerangs (quivered)
Armour
 c - a +0 buckler (worn)
 l - a scarf of invisibility (worn)
 s - a +0 chain mail
 t - a +0 helmet (worn)
 v - a +0 scale mail
 x - a +0 plate armour (worn)
Jewellery
 e - a ring of ice
Wands
 y - a wand of light (3)
 D - a wand of flame (19)
 F - a wand of charming (4)
Scrolls
 f - 5 scrolls of butterflies {unknown}
 i - 2 scrolls of poison {unknown}
 j - a scroll of magic mapping {unknown}
 k - a scroll of blinking {unknown}
 m - a scroll of teleportation {unknown}
 n - a scroll of fear {unknown}
 q - a scroll of enchant armour {unknown}
 r - 4 scrolls of identify {unknown}
 u - 2 scrolls of vulnerability {unknown}
 B - 2 scrolls of torment {unknown}
 C - a scroll of noise {unknown}
 H - a scroll of summoning {unknown}
Potions
 d - 2 potions of might
 g - a potion of brilliance
 h - 6 potions of curing {unknown}
 o - a potion of degeneration {unknown}
 p - a potion of flight {unknown}
 A - a potion of berserk rage {unknown}
 E - a potion of lignification {unknown}


   Skills:
 + Level 5.6 Fighting
 * Level 7.2 Axes
 - Level 2.6 Armour
 - Level 2.6 Shields


You had 6 spell levels left.
You didn't know any spells.
Your spell library contained the following spells:

 Spells                   Type           Power      Damage    Failure   Level
 Blink                    Tloc           0%         N/A       100%        2
 Sublimation of Blood     Necr           0%         N/A       100%        2
 Lesser Beckoning         Tloc           0%         N/A       100%        3
 Petrify                  Tmut/Erth      0%         N/A       100%        4
 Irradiate                Conj/Tmut      0%         3d11      100%        5
 Manifold Assault         Tloc           0%         N/A       100%        5


Dungeon Overview and Level Annotations

Branches:
Dungeon (4/15)
 Temple: D:4-7

Annotations:
D:4 Crazy Yiuf


Innate Abilities, Weirdness & Mutations

You have an increased reservoir of magic. (+10% MP)
You shall have no god before yourself.
Your divine heritage dramatically boosts your attributes as you level up.


Message History

Unknown command.
Unknown command.
Unknown command.
Unknown command.
Unknown command.
Unknown command.
Unknown command.
You open the door.
Aiming: Bolt of Light
Press: ? - help, Shift-Dir - straight line, f - Crazy Yiuf
Aim: Crazy Yiuf, wielding a +4 quarterstaff of chaos, wearing a +0 cloak and carrying a wand of light (5) (75% to hit)
The bolt of light hits Crazy Yiuf!
Crazy Yiuf is severely wounded.
Crazy Yiuf is blinded.
Crazy Yiuf zaps a wand.
The bolt of light hits you.
Unknown command.
Unknown command.
You hit Crazy Yiuf.
Crazy Yiuf is poisoned.
Crazy Yiuf is almost dead.
Crazy Yiuf zaps a wand.
The bolt of light hits you!
You are confused.
You bump into the rock wall.
Crazy Yiuf hits you with a +4 quarterstaff of chaos!
You bump into the stone wall.
Crazy Yiuf zaps a wand.
The bolt of light hits you!
You are more confused.
You bump into the stone wall.
Crazy Yiuf whimpers, "Earwax!"
Crazy Yiuf hits you with a +4 quarterstaff of chaos.
You feel your power leaking away.
You bump into the rock wall.
Crazy Yiuf zaps a wand.
The bolt of light hits you!
* * * LOW HITPOINT WARNING * * *
Unknown command.
Unknown command.
Unknown command.
You bump into the rock wall.
Crazy Yiuf hits you with a +4 quarterstaff of chaos.
* * * LOW HITPOINT WARNING * * *
Crazy Yiuf freezes you.
You die...

#####
#...)..............#### ##.
....###.#####.............#
#. ###......#
#.>......#..#.# #.
..#.....##
#############.#######
.ยง#.....# #.......##
..#.....####### #######...
###..###....#.### ### ####
.............#..##...#
.....#......####@g...#
.~...##....## ###..)#
.~...####### ### .~...#
.~...# .P...# .....# ######


You could see Crazy Yiuf (blind, very poisoned).

Vanquished Creatures
  Pikel (D:4)
  Sigmund (D:3)
  4 lemures
  A scorpion (D:3)
  A hound (D:4)
  An orc priest (D:3)
  Ijyb (D:3)
  An orc wizard (D:2)
  Natasha (thrice) (D:3)
  5 adders
  4 gnolls (D:4)
  2 worms
  2 dart slugs
  11 orcs
  5 bats
  12 endoplasms
  A giant cockroach (D:1)
  8 goblins
  6 hobgoblins
  4 jackals (D:2)
  13 kobolds
  5 quokkas
  6 ball pythons
  3 frilled lizards
  9 rats
110 creatures vanquished.

Vanquished Creatures (others)
  11 fungi (D:4)
11 creatures vanquished.

Grand Total: 121 creatures vanquished

Notes
Turn   | Place    | Note
-------+----------+-------------------------------------------
     0 | D:1      | drugrobin the Demigod Fighter began the quest for the Orb.
     0 | D:1      | Reached XP level 1. HP: 18/18 MP: 3/3
    59 | D:1      | Reached skill level 2 in Axes
   229 | D:1      | Reached XP level 2. HP: 25/25 MP: 4/4
  1002 | D:2      | Reached XP level 3. HP: 13/31 MP: 5/5
  1208 | D:2      | Reached skill level 3 in Axes
  2481 | D:2      | Reached XP level 4. HP: 36/38 MP: 6/6
  2777 | D:3      | Noticed Ijyb
  3612 | D:3      | Reached skill level 4 in Axes
  3612 | D:3      | Reached XP level 5. HP: 33/46 MP: 7/7
  3881 | D:3      | Noticed Sigmund
  3887 | D:3      | Killed Sigmund
  3888 | D:3      | Reached skill level 5 in Axes
  3888 | D:3      | Reached XP level 6. HP: 49/53 MP: 8/8
  4317 | D:3      | Noticed Natasha
  4322 | D:3      | Killed Natasha
  4557 | D:3      | Noticed Natasha
  4566 | D:3      | Killed Natasha
  4638 | D:3      | Killed Ijyb
  6032 | D:3      | Noticed Natasha
  6040 | D:3      | Killed Natasha
  6250 | D:4      | Reached skill level 6 in Axes
  6263 | D:4      | Noticed Pikel
  6528 | D:4      | Killed Pikel
  6529 | D:4      | Reached skill level 5 in Fighting
  6529 | D:4      | Reached skill level 7 in Axes
  6529 | D:4      | Reached XP level 7. HP: 48/61 MP: 9/9
  6636 | D:4      | Found a runed translucent door.
  6637 | D:4      | Noticed Crazy Yiuf
  6848 | D:4      | HP: 3/61 [Crazy Yiuf/+4 quarterstaff of chaos (6)]
  6848 | D:4      | Slain by Crazy Yiuf

Illustrated notes

Levels and vault maps discovered:
D:1:      lordsloth_arrival_two_stooges, layout_loops_ring, minmay_pentomino_u2
D:2:      minmay_inner_zag, layout_basic, shapermc_ecumenical_altar_hornbeckon,
          chequers_serial_rivers_room_b, minmay_crystal_room,
          grunt_decor_fettered
D:3:      layout_basic, uniq_sigmund, uniq_ijyb, uniq_natasha
D:4:      layout_rooms, dreamdust_gnoll_farm, uniq_crazy_yiuf_cottage,
          uniq_pikel

Skill      XL: |  1  2  3  4  5  6 |
---------------+-------------------+-----
Axes           | 2 3 4 5 7 |  7.2
Fighting       | 3 4 5 |  5.6
Armour         | |  2.6
Shields        | |  2.6

Action                   |  1- 3 |  4- 6 |  7- 9 || total
-------------------------+-------+-------+-------++-------
Melee: War axe           |   171 |    14 |       ||   185
       Dagger            |       |   200 |     9 ||   209
Throw: Stone             |    11 |       |       ||    11
       Boomerang         |       |     6 |       ||     6
       Throwing net      |       |     1 |       ||     1
Evoke: Wand              |       |     2 |     1 ||     3
 Stab: Held in net/web   |       |     1 |       ||     1
Armor: Scale mail        |    90 |       |       ||    90
       Chain mail        |     2 |     5 |       ||     7
       Plate armour      |       |   120 |     4 ||   124
Dodge: Dodged            |    72 |    45 |     1 ||   118
Block: Buckler           |    35 |    30 |       ||    65

Table legend: (Time is in decaauts)
 A = Elapsed time spent in this place.
 B = Non-inter-level travel time spent in this place.
 C = Inter-level travel time spent in this place.
 D = Time resting spent in this place.
 E = Time spent auto-exploring this place.
 F = Levels seen in this place.
 G = Mean time per level.
                   A        B        C        D        E       F      G
               +--------+--------+--------+--------+--------+-----+--------+
         Total |   6952 |   6394 |    558 |    762 |   4062 |   4 | 1738.0 |
       Dungeon |   6952 |   6394 |    558 |    762 |   4062 |   4 | 1738.0 |
               +--------+--------+--------+--------+--------+-----+--------+

Top non-repeatable levels by time:
     D:3: 2938 daAuts
     D:2: 1649 daAuts
     D:4: 1358 daAuts
     D:1: 1006 daAuts
